Match 38053883
Unlisted

Match 38053883
End
Construct Weapon Support Center
Selects Armored Battlegroup
Selects Armored Battlegroup
Selects Assault Engineers
M1919 Machine Gun Team
Assault Engineer Squad
M1919 Machine Gun Team
M1919 Machine Gun Team
Construct Medical Station
Construct Barracks
Riflemen Squad
Bazooka Squad
Selects Fast Deploy
Riflemen Squad
Infantry Support Center
Selects M8 Scott SPG
M8 Scott SPG
Riflemen Squad
M1918 Browning Automatic Rifles
Bazooka Squad
Advanced Logistics
.30 cal Machine Gun
Survival Training
Grenade Package
Bazooka Squad
Construct Tank Depot
Selects M31 Recovery Vehicle
Selects War Machine
Selects UNKNOWN (2160077)
M4A3E8 Sherman Easy Eight
M4A3E8 Sherman Easy Eight
M4A3E8 Sherman Easy Eight
M3 Armored Personnel Carrier
M4A3E8 Sherman Easy Eight
Improved M9 Bazooka Rockets
M31 Recovery Vehicle
M18 Hellcat Tank Destroyer
sharpshooter
Hanzawilhelm Longbowman of Crécy
LEV-Detahaven
Tenshi
0
0

Comments sign in to comment!

No comments posted yet!